 Dungeon Crawl Stone Soup version 0.32-a0-136-gc02482bde3 (webtiles) character file.

Game seed: 8389659248545193914

22871 Rennog the Mimic (level 13, -4/101 HPs)
             Began as a Djinni Shapeshifter on Feb 10, 2024.
             Was a Priest of Ashenzari.
             Slain by an eight-headed hydra (13 damage)
             ... on level 2 of the Lair of Beasts.
             The game lasted 00:40:24 (18306 turns).

Rennog the Mimic (Djinni Shapeshifter)             Turns: 18306, Time: 00:40:27

Health: -4/101     AC:  4    Str: 21    XL:     13   Next: 30%
Gold:   790        EV: 17    Int: 13    God:    Ashenzari [***...] SH:  5 Dex: 15

rFire   + +          .
                       - Unarmed
rCold   x . .        (no shield)
rNeg    . . .        H - melded +1 robe {rC+}
rPois   ∞            (no helmet)
rElec   .            l - +0 cloak "I Foresaw This" {Comp, Dev} (curse)
rCorr   .            r - +2 pair of gloves "Omniscient Awkwardness" {Self, Dev} (curse)
SInv    +            (boots unavailable)
Will    +....        t - amulet "Lashed Free Expression" {Reflect SH+5, Cun, Dev} (curse)
Stlth   +++          F - ring "Eternal Repose" {Str+6, Elem, Self} (curse)
HPRegen 0.36/turn    o - ring of wizardry
MPRegen 0.00/turn

%: reflection, clarity, wizardry (x1), infuse magic (-5 HP)
@: maw-form, flying, very slightly contaminated, studying Stealth
A: devouring maw, flying, sickness immunity, fire resistance 2, cold
vulnerability 1, float, innate caster, HP casting, extra vitality 1
a: Begin Untransformation, Renounce Religion, Curse Item, Shatter the Chains


You were on level 2 of the Lair of Beasts.
You worshipped Ashenzari.
Ashenzari was most pleased with you.
You were a creature with a mouth for a stomach.
You visited 3 branches of the dungeon, and saw 17 of its levels.

You collected 862 gold pieces.
You spent 72 gold pieces at shops.

Inventory:

Hand Weapons
 M - the +4 falchion of Cruel Justice {elec, *Rage rC+ rCorr}
   (You found it on level 1 of the Lair of Beasts)

   rC+:       It protects you from cold.
   *Rage:     It berserks you when you make melee attacks (+20% chance).
   rCorr:     It protects you from acid and corrosion.
Missiles
 A - a throwing net (quivered)
 L - 9 atropa-tipped darts
Armour
 l - the cursed +0 cloak "I Foresaw This" (worn) {Comp, Dev}
   (You found it on level 2 of the Dungeon)

   It has a curse which improves the following skills: Companions: Summonings
   and Necromancy.
   Devices:   Evocations and Shapeshifting.
 r - the cursed +2 pair of gloves "Omniscient Awkwardness" (worn) {Self, Dev}
   (You found it on level 4 of the Dungeon)

   It has a curse which improves the following skills: Introspection: Fighting
   and Spellcasting.
   Devices:   Evocations and Shapeshifting.
 E - a +0 kite shield
 H - a +1 robe of cold resistance (melded)
Jewellery
 j - a ring of willpower
 o - a ring of wizardry (right hand)
 q - a ring of protection from cold
 t - the cursed amulet "Lashed Free Expression" (around neck) {Reflect SH+5, Cun, Dev}
   (You found it on level 4 of the Dungeon)

   [amulet of reflection]

   Reflect:   It reflects blocked missile attacks.
   SH+5:      It affects your SH (+5).
   It has a curse which improves the following skills: Cunning: Dodging and
   Stealth.
   Devices:   Evocations and Shapeshifting.
 F - the cursed ring "Eternal Repose" (left hand) {Str+6, Elem, Self}
   (You found it on level 6 of the Dungeon)

   [ring of strength]

   Str+6:     It affects your strength (+6).
   It has a curse which improves the following skills: Elements: Fire Magic, Ice
   Magic, Air Magic and Earth Magic.
   Introspection: Fighting and Spellcasting.
 G - a +6 ring of strength
 I - a ring of wizardry
 N - a +6 ring of strength
Talismans
 c - a beast talisman
 d - a flux talisman
 z - a maw talisman (active)
 J - a maw talisman (active)
Wands
 i - a wand of paralysis (24)
 u - a wand of digging (2)
 C - a wand of mindburst (21)
 D - a wand of flame (50)
Scrolls
 a - 3 scrolls of teleportation
 f - 4 scrolls of fog
 h - 5 scrolls of amnesia
 k - 5 scrolls of noise
 m - 3 scrolls of enchant weapon
 n - a scroll of butterflies
 w - 6 scrolls of fear
 x - 14 scrolls of identify
 y - 5 scrolls of poison
 K - 2 scrolls of immolation
 Q - 2 scrolls of vulnerability
Potions
 b - 2 potions of lignification
 e - 6 potions of curing
 g - 2 potions of heal wounds
 p - a potion of mutation
 s - a potion of enlightenment
 v - 2 potions of berserk rage
 B - a potion of brilliance
 O - 3 potions of resistance
 P - a potion of cancellation
 R - a potion of ambrosia


   Skills:
 + Level 10.0(12.2) Fighting
 + Level 8.0(9.5) Dodging
 - Level 5.1(6.6) Stealth
 * Level 9.9 Unarmed Combat
 - Level 6.0(8.2) Spellcasting
 - Level 6.0 Conjurations
 - Level 6.0 Hexes
 - Level 6.0(7.5) Summonings
 - Level 6.0(7.5) Necromancy
 - Level 6.0 Translocations
 - Level 6.0(7.5) Fire Magic
 - Level 6.0(7.5) Ice Magic
 - Level 6.0(7.5) Air Magic
 - Level 6.0(7.5) Earth Magic
 - Level 6.0 Alchemy
 + Level 10.9(13.9) Shapeshifting


You knew the following spells:

 Your Spells              Type           Power      Damage    Failure   Level
a - Apportation           Tloc           42%        N/A       1%          1
b - Call Imp              Summ           48%        N/A       1%          2
c - Jinxbite              Hex            42%        N/A       1%          2
d - Petrify               Alch/Erth      23%        N/A       3%          4
e - Borgnjor's Vile Clut  Necr/Erth      12%        N/A       7%          5
f - Fireball              Conj/Fire      11%        3d7       9%          5
Your spell library was empty.

Dungeon Overview and Level Annotations

Branches:
Dungeon (13/15)            Temple (0/1) D:7            Lair (3/5) D:11
 Spider (0/4) Lair:2          Orc (1/2) D:11
  Swamp: Lair:2-3    Shoals: Lair:2-3    Vaults: D:13-14

Altars:
Ashenzari
Dithmenos
Gozag
Okawaru
Qazlal
Uskayaw
The Shining One
Lugonu

Shops:
D:1 [   D:4 [*   D:5 =   D:6 :

Annotations:
D:6 2 transporters, cforsyth's ghost, novice DjHs
D:11 Fannar
Lair:3 Nessos
Orc:1 Urug


Innate Abilities, Weirdness & Mutations

You are a creature with a mouth for a stomach.
Your midsection houses a second, enormous mouth.
You are flying.
You are immune to sickness and miasma.
You are immune to poison.
Your flesh is very heat resistant. (rF++)
You are vulnerable to cold. (rC-)
You float through the air rather than walking.
You learn spells naturally, not from books.
Your magical power is your life essence.
You have superior vitality. (+4 MHP)


Message History

The zombie hands constrict the eight-headed hydra.
You hear a shout!
The eight-headed hydra escapes!
Casting: Fireball (dangerous; 9% risk of failure)
Confirm with . or Enter, or press ? or * to list all spells.
Aiming: Fireball (dangerous; 9% risk of failure)
Press: ? - help, Shift-Dir - straight line, f/p - eight-headed hydra
Aim: an eight-headed hydra (severely wounded)
The fireball explodes!
The fireball engulfs the eight-headed hydra!
The eight-headed hydra is severely wounded.
The fireball engulfs the fungus!
The fungus begins to die.
The fungus is lightly damaged.
Casting: Fireball (dangerous; 9% risk of failure)
Confirm with . or Enter, or press ? or * to list all spells.
Aiming: Borgnjor's Vile Clutch (dangerous; 7% risk of failure)
Press: ? - help, Shift-Dir - straight line, f/p - eight-headed hydra
Aim: an eight-headed hydra (severely wounded, 100% to hit)
Zombie hands grab the eight-headed hydra.
The zombie hands constrict the eight-headed hydra.
The eight-headed hydra bites you!
The eight-headed hydra completely misses you. x2
The eight-headed hydra misses you. The eight-headed hydra bites you.
The eight-headed hydra barely misses you.
The eight-headed hydra closely misses you.
The eight-headed hydra bites you!
The zombie hands constrict the eight-headed hydra.
The eight-headed hydra escapes!
The eight-headed hydra attacks as it pursues you!
The eight-headed hydra bites you but does no damage.
The eight-headed hydra closely misses you.
The eight-headed hydra bites you.
The eight-headed hydra closely misses you.
The eight-headed hydra bites you!
* * * LOW HITPOINT WARNING * * *
The eight-headed hydra bites you!
* * * LOW HITPOINT WARNING * * *
The eight-headed hydra barely misses you.
The eight-headed hydra bites you!
You die...

....#### ....#.##
#......# ## ####
.....##
P#####..####....##
.................###
.'####.#####....P.P##
.#~~~#.# #....D...#
.#≈~~### #.###W...##
##~~~# ##.##.....##
#### ##...#...####
##...##....#.# #
#...####....## #
#..## ##...# # ####
#.#.# #P...# ##
#~~~##..## ##...# .#
{ ###~~~#....# #...#


You could see an eight-headed hydra.

Vanquished Creatures
  A hydra (Lair:2)
  2 two-headed ogres
  A demonic crawler (Lair:2)
  Sonja (Lair:2)
  An ugly thing (D:11)
  A cyclops (D:11)
  Maurice (D:7)
  A black mamba (Lair:1)
  5 elephants
  3 gargoyles
  2 cane toads (Lair:2)
  3 komodo dragons (Lair:1)
  4 trolls
  Sigmund (D:6)
  4 slime creatures (D:12)
  A shadow (D:9)
  2 wraiths
  A wyvern (D:7)
  A basilisk (Lair:2)
  30 yaks
  Grum (D:10)
  A warg (D:11)
  A vampire mosquito (D:11)
  An acid dragon (D:12)
  Duvessa (D:7)
  9 water moccasins
  4 orc warriors
  An ice beast (D:6)
  A sky beast (D:6)
  3 ogres
  2 black bears (Lair:1)
  4 centaurs
  14 wolves
  3 phantoms
  A kobold brigand (D:8)
  Blork the orc (D:5)
  10 bullfrogs
  A gnoll sergeant (D:7)
  4 scorpions
  Dowan (D:7)
  17 killer bees
  An electric eel (Lair:2)
  3 howler monkeys (D:12)
  8 orc priests
  A bombardier beetle (D:3)
  2 gnoll boudas
  4 jellies (D:6)
  4 sleepcaps
  4 iguanas
  13 orc wizards
  6 adders
  20 gnolls
  A shadow imp (D:8)
  3 white imps
  5 ufetubi (D:6)
  3 dart slugs
  4 ribbon worms
  33 orcs
  8 ball pythons
  12 endoplasms
  5 giant cockroaches
  8 hobgoblins
  10 kobolds
  4 quokkas
  5 bats
  A frilled lizard (D:2)
  6 goblins
  4 rats
325 creatures vanquished.

Vanquished Creatures (collateral kills)
  A water moccasin (D:7)
  An ogre (D:5)
  A killer bee (D:9)
  A gnoll bouda (D:7)
  An orc (D:5)
5 creatures vanquished.

Grand Total: 330 creatures vanquished

Notes
Turn   | Place    | Note
-------+----------+-------------------------------------------
     0 | D:1      | Rennog the Djinni Shapeshifter began the quest for the Orb.
     0 | D:1      | Reached XP level 1. HP: 17/17 MP: 0/0
   138 | D:1      | Found Dealit's Antique Armour Emporium.
   158 | D:1      | Reached XP level 2. HP: 8/22 MP: 0/0
   886 | D:1      | Reached XP level 3. HP: 27/27 MP: 0/0
   886 | D:1      | Learned a level 1 spell: Apportation
  1257 | D:2      | Reached XP level 4. HP: 32/32 MP: 0/0
  1937 | D:3      | Reached XP level 5. HP: 35/37 MP: 0/0
  1937 | D:3      | Learned a level 2 spell: Call Imp
  2184 | D:3      | Reached skill level 5 in Shapeshifting
  2279 | D:3      | Reached XP level 6. HP: 29/42 MP: 0/0
  2558 | D:4      | Found Beir's Antique Armour Emporium.
  2640 | D:4      | Found a stormy altar of Qazlal.
  3200 | D:4      | Reached XP level 7. HP: 20/48 MP: 0/0
  3200 | D:4      | Learned a level 2 spell: Jinxbite
  3469 | D:4      | Found Ilaxef's General Store.
  3477 | D:4      | Bought a scroll of identify for 24 gold pieces
  3477 | D:4      | Bought a scroll of fear for 48 gold pieces
  3561 | D:5      | Entered Level 5 of the Dungeon
  3709 | D:5      | Noticed Blork the orc
  3831 | D:5      | Found Avutu's Jewellery Emporium.
  4106 | D:6      | Reached XP level 8. HP: 54/56 MP: 0/0
  4324 | D:6      | Found an opulent altar of Gozag.
  4649 | D:6      | Found Egowomur's Book Emporium.
  4673 | D:6      | Reached skill level 1 in Spellcasting
  4673 | D:6      | Reached skill level 1 in Conjurations
  4673 | D:6      | Reached skill level 1 in Hexes
  4673 | D:6      | Reached skill level 1 in Summonings
  4673 | D:6      | Reached skill level 1 in Necromancy
  4673 | D:6      | Reached skill level 1 in Translocations
  4673 | D:6      | Reached skill level 1 in Fire Magic
  4673 | D:6      | Reached skill level 1 in Ice Magic
  4673 | D:6      | Reached skill level 1 in Air Magic
  4673 | D:6      | Reached skill level 1 in Earth Magic
  4673 | D:6      | Reached skill level 1 in Alchemy
  4765 | D:6      | Noticed Sigmund
  4782 | D:5      | Reached skill level 5 in Unarmed Combat
  5021 | D:5      | Reached XP level 9. HP: 42/62 MP: 0/0
  5021 | D:5      | Learned a level 4 spell: Petrify
  5541 | D:5      | Killed Blork the orc
  5838 | D:6      | Noticed cforsyth's ghost (novice DjHs)
  5845 | D:6      | Found a transporter.
  5857 | D:6      | Found a transporter.
  6034 | D:7      | Noticed Dowan
  6041 | D:7      | Noticed Duvessa
  6042 | D:7      | Killed Dowan
  6243 | D:6      | Killed Sigmund
  6244 | D:6      | Reached skill level 5 in Fighting
  6652 | D:8      | Found a glowing golden altar of the Shining One.
  6880 | D:8      | Found a hide-covered altar of Uskayaw.
  7241 | D:8      | HP: 3/65 [bullfrog (6)]
  7258 | D:8      | HP: 1/65 [bullfrog (4)]
  7277 | D:7      | Killed Duvessa
  7278 | D:7      | Reached XP level 10. HP: 40/70 MP: 0/0
  7752 | D:6      | Found a shadowy altar of Dithmenos.
  7752 | D:6      | Found a broken altar of Ashenzari.
  7756 | D:6      | Became a worshipper of Ashenzari the Shackled
  7795 | D:7      | Noticed Maurice
  8327 | D:7      | Paralysed by Maurice for 4 turns
  8341 | D:7      | Paralysed by Maurice for 5 turns
  8342 | D:7      | Maurice stole a maw talisman
  8344 | D:7      | Maurice stole a ring of wizardry
  8349 | D:7      | Paralysed by Maurice for 3 turns
  8356 | D:7      | Something stole a +0 kite shield
  8574 | D:7      | Reached skill level 5 in Dodging
  8816 | D:8      | Reached skill level 5 in Spellcasting
  8816 | D:8      | Reached skill level 5 in Conjurations
  8816 | D:8      | Reached skill level 5 in Hexes
  8816 | D:8      | Reached skill level 5 in Summonings
  8816 | D:8      | Reached skill level 5 in Necromancy
  8816 | D:8      | Reached skill level 5 in Translocations
  8816 | D:8      | Reached skill level 5 in Fire Magic
  8816 | D:8      | Reached skill level 5 in Ice Magic
  8816 | D:8      | Reached skill level 5 in Air Magic
  8816 | D:8      | Reached skill level 5 in Earth Magic
  8816 | D:8      | Reached skill level 5 in Alchemy
  9533 | D:9      | Noticed a two-headed ogre
  9669 | D:9      | Killed a two-headed ogre
  9670 | D:9      | Reached XP level 11. HP: 44/76 MP: 0/0
  9670 | D:9      | Learned a level 5 spell: Borgnjor's Vile Clutch
 10256 | D:9      | Reached skill level 10 in Shapeshifting
 10557 | D:10     | Entered Level 10 of the Dungeon
 10966 | D:10     | Noticed Grum
 11441 | D:10     | Reached * piety under Ashenzari
 11441 | D:10     | Identified a scroll of acquirement
 11469 | D:10     | Acquired a manual of Stealth
 11632 | D:10     | Reached skill level 1 in Stealth
 11872 | D:10     | Killed Grum
 12122 | D:7      | Maurice stole 469 gold
 12131 | D:7      | Killed Maurice
 12273 | D:7      | Found a staircase to the Ecumenical Temple.
 12391 | D:11     | Found a staircase to the Orcish Mines.
 12844 | D:11     | Noticed a two-headed ogre
 12879 | D:11     | Killed a two-headed ogre
 12880 | D:11     | Reached XP level 12. HP: 62/86 MP: 0/0
 12995 | D:11     | Noticed Fannar
 13300 | D:11     | Found a staircase to the Lair.
 13633 | Lair:1   | Entered Level 1 of the Lair of Beasts
 13633 | Lair:1   | Identified the +4 falchion of Cruel Justice {elec, *Rage
                  | rC+ rCorr}
 14590 | Lair:1   | Reached ** piety under Ashenzari
 14610 | Lair:1   | Reached skill level 5 in Stealth
 15094 | Lair:2   | Noticed an eight-headed hydra
 15463 | Lair:3   | Noticed Nessos
 15590 | D:11     | Found an iron altar of Okawaru.
 15910 | Orc:1    | Entered Level 1 of the Orcish Mines
 15916 | Orc:1    | Noticed Urug
 16254 | D:12     | Found a corrupted altar of Lugonu.
 16284 | D:12     | Identified the +0 scale mail of Hopscotch {rF+ Will+ MP+9}
 16595 | D:12     | Reached *** piety under Ashenzari
 16630 | D:12     | Reached XP level 13. HP: 98/99 MP: 0/0
 16630 | D:12     | Learned a level 5 spell: Fireball
 17331 | D:13     | Noticed a catoblepas
 17575 | Lair:2   | Identified the +7 hand axe "Newtbane" {protect, Stlth+}
 17583 | Lair:2   | Noticed a four-headed hydra
 17593 | Lair:2   | Killed a four-headed hydra
 18020 | Lair:2   | Noticed Sonja
 18029 | Lair:2   | Killed Sonja
 18073 | Lair:2   | Reached skill level 10 in Fighting
 18124 | Lair:2   | Found a hole to the Spider Nest.
 18133 | Lair:2   | Identified the +0 leather armour of the Pit {Dex+2}
 18306 | Lair:2   | Slain by an eight-headed hydra

Illustrated notes

Levels and vault maps discovered:
D:1:      lordsloth_arrival_two_stooges, layout_basic, serial_shops,
          nicolae_shop_peninsula
D:2:      layout_rooms
D:3:      layout_loops_ring, nicolae_kite_square_tiling_tiny,
          mrwooster_statue_mirror
D:4:      layout_loops_ring, mainiacjoe_overflow_chevrons, serial_forest,
          infiniplex_forest_clump_curved, infiniplex_forest_clump_tiny,
          infiniplex_forest_corner_2, infiniplex_forest_lined_2,
          infiniplex_forest_lined_corner, infiniplex_forest_fountain,
          infiniplex_forest_side_room, serial_shops, shop, shop,
          kennysheep_small_square
D:5:      layout_loops_ring, serial_shops, shop, minmay_puff, uniq_blork_the_orc
D:6:      layout_cave_pools, mainiacjoe_overflow_boulevard,
          gammafunk_temple_overflow_wave, serial_shops,
          nicolae_book_shop_shelving, gammafunk_ghost_arena, grunt_tough_drop,
          uniq_sigmund
D:7:      layout_gridville, minmay_temple_entry_purple_smoke, uniq_maurice,
          uniq_duvessa
D:8:      layout_cave_pods, mainiacjoe_overflow_tiny_flanked, tso_metal_star,
          minmay_diced_spiral
D:9:      layout_rooms, dreamdust_princess_bridge
D:10:     layout_roguey, uniq_grum
D:11:     lemuel_ice_spiral_2, layout_stronghold,
          hellmonk_okawaru_the_only_friend_you_need, uniq_fannar
D:12:     layout_basic, tgw_lugonu_bribe
D:13:     layout_layer_cave, hellmonk_vaults_order_and_chaos
Lair:1:   layout_gridlike, grunt_megastairs_1
Lair:2:   layout_concentric_octagons, elwin_shoals_entry_rooms,
          nicolae_spider_entry_non_spiders, grunt_megastairs_2,
          infiniplex_staircase_pool, uniq_sonja
Lair:3:   layout_hall_layers, special_room [special_room_mythical_zoo],
          uniq_nessos
Orc:1:    layout_caves, uniq_urug

Skill      XL: |  1  2  3  4  5  6  7  8  9 10 11 12 13 |
---------------+----------------------------------------+-----
Shapeshifting  | 3 4 5 6 7 9 10 | 10.9
Fighting       | 3 4 5 6 7 9 10 | 10.0
Unarmed Combat | 4 5 6 7 8 9 |  9.9
Spellcasting   | 2 4 5 6 |  6.0
Conjurations   | 2 4 5 6 |  6.0
Hexes          | 2 4 5 6 |  6.0
Summonings     | 2 4 5 6 |  6.0
Necromancy     | 2 4 5 6 |  6.0
Translocations | 2 4 5 6 |  6.0
Fire Magic     | 2 4 5 6 |  6.0
Ice Magic      | 2 4 5 6 |  6.0
Air Magic      | 2 4 5 6 |  6.0
Earth Magic    | 2 4 5 6 |  6.0
Alchemy        | 2 4 5 6 |  6.0
Dodging        | 4 5 7 8 |  8.0
Stealth        | 2 5 |  5.1

Action                     |  1- 3 |  4- 6 |  7- 9 | 10-12 | 13-15 || total
---------------------------+-------+-------+-------+-------+-------++-------
  Melee: Unarmed           |   110 |   149 |   341 |   712 |    58 ||  1370
         Punch             |     5 |     5 |       |    52 |     5 ||    67
         Maw               |       |       |       |   171 |    31 ||   202
   Cast: Call Imp          |       |       |    15 |    14 |     1 ||    30
         Jinxbite          |       |       |     1 |     6 |     1 ||     8
         Petrify           |       |       |     1 |       |       ||     1
         Borgnjor's Vile C |       |       |       |     6 |     4 ||    10
         Fireball          |       |       |       |       |    23 ||    23
 Invoke: Curse Item        |       |       |       |     4 |       ||     4
    Use: Scroll            |       |       |     4 |     1 |       ||     5
         Potion            |       |       |     5 |     3 |       ||     8
   Stab: Sleeping          |     3 |     1 |       |     4 |     1 ||     9
         Distracted        |       |       |     1 |     1 |       ||     2
 Armour: Animal skin       |    41 |    34 |       |       |       ||    75
         Skin              |       |    19 |   149 |   348 |    31 ||   547
  Dodge: Dodged            |    45 |   118 |   248 |   445 |    41 ||   897
  Block: Other             |       |       |    67 |   151 |     9 ||   227
         Reflection        |       |       |     2 |     1 |       ||     3
   Form: Flux              |       |     1 |     1 |       |       ||     2
                           |       |       |     1 |       |       ||     1
         Maw               |       |       |       |     1 |       ||     1

Table legend: (Time is in decaauts)
 A = Elapsed time spent in this place.
 B = Non-inter-level travel time spent in this place.
 C = Inter-level travel time spent in this place.
 D = Time resting spent in this place.
 E = Time spent auto-exploring this place.
 F = Levels seen in this place.
 G = Mean time per level.
                   A        B        C        D        E       F      G
               +--------+--------+--------+--------+--------+-----+--------+
         Total |  18195 |  16478 |   1717 |   1927 |  11423 |  17 | 1070.3 |
       Dungeon |  15477 |  13899 |   1578 |   1752 |   9491 |  13 | 1190.5 |
          Lair |   2709 |   2571 |    138 |    175 |   1932 |   3 |  903.0 |
  Orcish Mines |      7 |      7 |      0 |      0 |      0 |   1 |    7.0 |
               +--------+--------+--------+--------+--------+-----+--------+

Top non-repeatable levels by time:
    D:11: 1944 daAuts
     D:5: 1869 daAuts
     D:6: 1777 daAuts
     D:9: 1623 daAuts
  Lair:1: 1588 daAuts
     D:8: 1392 daAuts
    D:10: 1187 daAuts
    D:12: 1183 daAuts
  Lair:2: 1119 daAuts
     D:4: 1015 daAuts
     D:1: 1009 daAuts
     D:7: 941 daAuts
     D:3: 893 daAuts
     D:2: 626 daAuts
    D:13: 14 daAuts
